 Dungeon Crawl Stone Soup version 0.30.1-3-gfc49f6343a (webtiles) character file.

Game seed: 18195981729335563120

180990 LynnLen the Alchemist (level 17, 0/84 HPs)
             Began as a Spriggan Enchanter on July 28, 2023.
             Was the Champion of Dithmenos.
             Killed from afar by a wizard (44 damage)
             ... with a fireball
             ... on level 15 of the Dungeon on July 29, 2023.
             The game lasted 02:19:27 (33585 turns).

LynnLen the Alchemist (Spriggan Enchanter)         Turns: 33585, Time: 02:19:28

Health: 0/84       AC: 19    Str:  4    XL:     17   Next: 66%
Magic:  38/38      EV: 34    Int: 35    God:    Dithmenos [******]
Gold:   1084       SH:  0    Dex: 17    Spells: 3/49 levels left

rFire   . . .        g - melded +2 quick blade (venom)
rCold   . . .        H - melded +3 buckler {AC+3}
rNeg    . . .        x - melded +4 steam dragon scales
rPois   ∞            (helmet currently unavailable)
rElec   +            p - melded +2 cloak
rCorr   .            (gloves unavailable)
SInv    +            (boots unavailable)
Will    ++...        Q - amulet of regeneration Stlth *+++++++++
                     z - +6 ring of intelligence
HPRegen 1.14/turn    B - +6 ring of intelligence
MPRegen 0.26/turn

%: no passive effects
@: storm-form, flying, wreathed by umbra
A: cleaving, insubstantial, flying, very small, no large weapons, unfitting
armour, see invisible, (speed 3)
a: Blinkbolt, End Transformation, Renounce Religion, Shadow Step, Shadow Form


You were on level 15 of the Dungeon.
You worshipped Dithmenos.
Dithmenos was exalted by your worship.
You were a lightning-filled tempest!
You visited 5 branches of the dungeon, and saw 24 of its levels.

You collected 2471 gold pieces.
You spent 1387 gold pieces at shops.

Inventory:

Hand Weapons
 a - a +5 dagger of freezing
 g - a +2 quick blade of venom (melded)
Missiles
 u - 60 poisoned darts
 y - 2 throwing nets
 F - 6 curare-tipped darts
Armour
 h - +0 acid dragon scales
 p - a +2 cloak (melded)
 w - a +2 robe of cold resistance
 x - +4 steam dragon scales (melded)
 H - a +3 buckler of protection (melded)
Magical Staves
 P - a staff of air
Jewellery
 z - a +6 ring of intelligence (left fist)
 B - a +6 ring of intelligence (right fist)
 I - a +6 ring of dexterity
 Q - an amulet of regeneration (around neck)
 U - a ring of flight
Wands
 q - a wand of polymorph (10)
 r - a wand of flame (53)
 s - a wand of mindburst (27)
 t - a wand of acid (15)
 K - a wand of iceblast (15)
 O - a wand of paralysis (20)
 T - a wand of digging (5)
Scrolls
 c - 2 scrolls of blinking
 e - 2 scrolls of fear
 f - 6 scrolls of fog
 j - a scroll of magic mapping
 k - 8 scrolls of teleportation
 m - 10 scrolls of immolation
 n - 2 scrolls of poison
 C - 3 scrolls of vulnerability
 D - 3 scrolls of amnesia
 E - 2 scrolls of torment
 N - a scroll of silence
 R - a scroll of butterflies
Potions
 b - 3 potions of flight
 d - a potion of haste
 i - 6 potions of mutation
 l - 2 potions of brilliance
 o - 4 potions of curing
 v - 3 potions of resistance
 A - a potion of attraction
 J - 12 potions of ambrosia
 L - 5 potions of lignification
 M - a potion of might
 S - 3 potions of berserk rage
Miscellaneous
 G - a phantom mirror
 W - a box of beasts


   Skills:
 + Level 7.6 Fighting
 - Level 8.0 Short Blades
 + Level 12.3 Dodging
 - Level 14.0 Stealth
 * Level 16.6 Spellcasting
 - Level 7.0 Hexes
 * Level 18.3 Transmutations
 - Level 4.0 Ice Magic
 * Level 13.2 Air Magic


You had 3 spell levels left.
You knew the following spells:

 Your Spells              Type           Power      Damage    Failure   Level
a - Ensorcelled Hibernat  Hex/Ice        100%       N/A       1%          2
b - Confusing Touch       Hex            67%        N/A       1%          3
c - Tukima's Dance        Hex            67%        N/A       1%          3
d - Storm Form            Tmut/Air       48%        N/A       1%          7
e - Static Discharge      Conj/Air       100%       2-7/arc   1%          2
f - Silence               Hex/Air        39%        N/A       1%          5
g - Airstrike             Air            44%        2d(7-23)  1%          4
h - Manifold Assault      Tloc           29%        N/A       13%         4
i - Summon Hydra          Summ           14%        N/A       100%        7
j - Summon Forest         Summ/Tloc      14%        N/A       34%         5
k - Summon Lightning Spi  Summ/Air       66%        N/A       1%          4

Your spell library contained the following spells:

 Spells                   Type           Power      Damage    Failure   Level
 Beastly Appendage        Tmut           100%       N/A       0%          1
 Wereblood                Tmut           100%       N/A       0%          2
 Swiftness                Air            89%        N/A       0%          3
 Apportation              Tloc           58%        N/A       1%          1
 Shock                    Conj/Air       100%       1d9       1%          1
 Blink                    Tloc           58%        N/A       1%          2
 Scorch                   Fire           58%        2d7       1%          2
 Sublimation of Blood     Necr           29%        N/A       1%          2
 Dazzling Flash           Conj/Hex       100%       N/A       1%          3
 Hailstorm                Conj/Ice       43%        3d10      1%          3
 Mephitic Cloud           Conj/Pois/Air  56%        N/A       1%          3
 Spider Form              Tmut/Pois      76%        N/A       1%          3
 Cause Fear               Hex            33%        N/A       1%          4
 Ice Form                 Ice/Tmut       82%        N/A       1%          4
 Alistair's Intoxication  Tmut/Pois      50%        N/A       1%          5
 Anguish                  Hex/Necr       26%        N/A       3%          4
 Freezing Cloud           Conj/Ice/Air   31%        6-21      3%          5
 Eringya's Noxious Bog    Tmut/Pois      38%        N/A       4%          6
 Summon Mana Viper        Hex/Summ       52%        N/A       9%          5
 Flame Wave               Conj/Fire      29%        2d9       13%         4
 Passage of Golubria      Tloc           29%        N/A       13%         4
 Iskenderun's Battlesphe  Conj           29%        2d8       34%         5
 Maxwell's Capacitive Co  Air            44%        ∞         34%         8
 Enfeeble                 Hex            33%        N/A       52%         7
 Simulacrum               Ice/Necr       21%        N/A       65%         6
 Iron Shot                Conj/Erth      14%        9d4       89%         6
 Malign Gateway           Summ/Tloc      14%        N/A       100%        7
 Spellforged Servitor     Conj/Summ      14%        N/A       100%        7
 Lehudib's Crystal Spear  Conj/Erth      14%        10d5      100%        8
 Summon Horrible Things   Summ           14%        N/A       100%        8


Dungeon Overview and Level Annotations

Branches:
Dungeon (15/15)            Temple (1/1) D:6            Lair (5/5) D:11
  Swamp (0/4) Lair:3        Snake (0/4) Lair:2        Slime (0/5) Lair:5
    Orc (2/2) D:11            Elf (0/3) Orc:2        Vaults (0/5) D:14
 Depths (1/4) D:15

Altars:
Ashenzari
Dithmenos
Elyvilon
Makhleb
Nemelex Xobeh
Okawaru
Qazlal
Ru
Sif Muna
Uskayaw
Wu Jian
Xom
Yredelemnul
The Shining One
Jiyva

Shops:
D:1 ?   D:7 (   D:9 (   D:11 *   Orc:2 ![*!*

Annotations:
Lair:5 1 runed translucent door


Innate Abilities, Weirdness & Mutations

You are a lightning-filled tempest!
Your electrical attacks strike out in all directions at once.
You are incredibly evasive.
Your insubstantial body is immune to petrification, constriction, and being set on fire You are flying.
You are immune to poison.
Your armour is entirely melded.
You are incapable of wielding weapons or throwing items.
You are very small and have problems with some larger weapons.
You are too small for most types of armour.
You have supernaturally acute eyesight. (SInv)
((You cover ground extremely quickly. (Speed+++)))


Message History

The frost giant misses you.
Unknown command.
The frost giant completely misses you.
The frost giant attacks as you move away!
The frost giant completely misses you.
There is a staircase back to the Dungeon, spattered with blood here.
You see here a very ugly thing skeleton.
You buffet the frost giant!
The frost giant is almost dead.
Your shadow barely misses the frost giant.
The frost giant closely misses you.
You hit the frost giant.
The frost giant is almost dead.
The frost giant hits you with a +0 battleaxe of freezing!!
The frost giant freezes you.
You batter the frost giant!!
You kill the frost giant!
Dithmenos accepts your kill.
You barely miss the wizard. The wizard hits you with a +0 dagger.
You can't go down here!
Unknown command.
You can't go down here!
The wizard hits you but does no damage. The wizard completely misses you.
You fly upwards.
Welcome back to the Dungeon!
There is a staircase to the Depths here.
Unknown command.
Okay, then.
The wizard hits you but does no damage. The wizard completely misses you.
You see here a very ugly thing skeleton.
The wizard completely misses you.
The wizard gestures at you while chanting.
You resist with almost no effort.
The wizard casts a spell.
The wizard blinks!
The wizard attacks as you move away! The wizard hits you but does no damage.
You see here a deep troll corpse.
The wizard points at you and mumbles some strange words.
The fireball explodes!
The fireball engulfs you!!!
Ouch! That really hurt!
You die...

###......## #..............#####.
..........# #.###.#####.##.# #.
###.#.##..# #.# #.# #.##.# #.
#.#.##..###.# #.# #.##.# #.
###.#.........# #.# #.##.# #.
....#.........# #.# #.##.# #.
#####........###### ###.##.# #.
#.......##.#..###.####.# #.
##......#...v.##...# #.# #.
#......##.##.#....###.# #.
######......#..##.p...÷>##.#####.
..........###)..###÷p..##...<....
..........# ###..###...###.......
########.## ##.####.##########.
#.# ##...#####.########. #.#
#.....####.......... ##### ##.##
#.....#....########.


You could see 2 wizards.

Vanquished Creatures
  A tengu reaver (D:12)
  Donald (Orc:2)
  A fire giant (D:12)
  2 frost giants
  3 stone giants (Depths:1)
  9 very ugly things
  Snorg (Orc:2)
  A great orb of eyes (D:15)
  2 ettins (Depths:1)
  A rakshasa (Depths:1)
  3 vault guards (D:14)
  3 hydras
  A spriggan air mage (Depths:1)
  A catoblepas (D:14)
  6 two-headed ogres
  2 centaur warriors
  2 boulder beetles
  5 ogre magi (Orc:2)
  A deep troll shaman (D:15)
  A deep troll earth mage (D:12)
  An orc high priest (Orc:1)
  A large abomination (Lair:5)
  Urug (D:12)
  A skyshark (Lair:3)
  Sonja (D:10)
  8 skeletal warriors
  A glowing orange brain (Depths:1)
  An orc knight (Orc:2)
  4 cyclopes
  3 deep elf pyromancers
  An orc sorcerer (Orc:1)
  A wolf spider (D:12)
  9 manticores
  21 ugly things
  A black mamba (Lair:2)
  An elephant (Lair:2)
  Maurice (D:13)
  A smoke demon (Lair:5)
  9 cane toads
  2 gargoyles (D:13)
  3 unseen horrors
  Maggie (D:8)
  7 komodo dragons
  Psyche (D:12)
  3 kobold demonologists (D:12)
  An ancient zyme (Lair:5)
  2 queen bees
  4 rime drakes
  5 trolls
  3 polar bears
  A hornet (D:11)
  28 blink frogs
  13 dream sheep
  8 slime creatures
  2 shadows (D:12)
  5 wyverns
  3 vampires
  A basilisk (shapeshifter) (Lair:5)
  7 humans (D:14)
  4 wraiths
  2 ynoxinuls (Lair:5)
  6 basilisks
  A dancing weapon (D:8)
  47 yaks
  3 steam dragons
  10 vampire mosquitoes
  2 chaos spawn (Lair:5)
  3 wargs (Orc:2)
  2 nagas (Lair:2)
  2 acid dragons (D:12)
  11 water moccasins
  Duvessa (D:7)
  5 ice beasts
  A black bear (shapeshifter) (D:15)
  12 orc warriors
  2 black bears (Lair:4)
  4 sky beasts
  17 ogres
  28 wolves
  17 centaurs
  2 phantoms
  11 bullfrogs
  8 kobold brigands
  4 scorpions
  12 small abominations (Lair:5)
  2 wights
  Dowan (D:7)
  54 killer bees
  An electric eel (D:10)
  7 howler monkeys
  3 jellies
  2 hounds
  8 orc priests
  4 sleepcaps
  Crazy Yiuf (D:7)
  10 orc wizards
  4 iguanas
  7 gnolls
  11 adders
  A shadow imp (D:6)
  A white imp (D:6)
  An ufetubus (D:5)
  6 dart slugs
  52 orcs
  3 bats
  3 endoplasms
  2 giant cockroaches
  7 goblins
  2 hobgoblins
  4 jackals
  7 quokkas
  4 ball pythons
  5 frilled lizards
  36 kobolds
  5 rats
685 creatures vanquished.

Vanquished Creatures (collateral kills)
  14 two-headed ogres
  4 orc warriors
  14 ogres
  A centaur (D:12)
  A gnoll sergeant (D:11)
  3 wights (D:4)
  2 orc wizards (Orc:2)
  2 gnolls
  3 orcs
44 creatures vanquished.

Vanquished Creatures (others)
  2 humans (D:14)
  25 dancing weapons
  An orc warrior (Orc:2)
  A killer bee (Lair:2)
29 creatures vanquished.

Grand Total: 758 creatures vanquished

Notes
Turn   | Place    | Note
-------+----------+-------------------------------------------
     0 | D:1      | LynnLen the Spriggan Enchanter began the quest for the Orb.
     0 | D:1      | Reached XP level 1. HP: 9/9 MP: 5/5
   413 | D:1      | Reached XP level 2. HP: 13/13 MP: 6/6
   440 | D:1      | Learned a level 2 spell: Ensorcelled Hibernation
   458 | D:1      | Found Meelaiz's Magic Scroll Shoppe.
   463 | D:1      | Bought a scroll of noise for 11 gold pieces
   520 | D:1      | Reached skill level 5 in Stealth
   881 | D:2      | Found a faded altar of an unknown god.
   939 | D:2      | Reached XP level 3. HP: 13/16 MP: 8/8
  1073 | D:2      | Learned a level 3 spell: Confusing Touch
  1077 | D:2      | Learned a level 3 spell: Tukima's Dance
  1388 | D:1      | Bought a scroll of enchant weapon for 82 gold pieces
  1478 | D:2      | Reached XP level 4. HP: 21/21 MP: 0/9
  2199 | D:3      | Reached skill level 1 in Ice Magic
  2566 | D:3      | Reached XP level 5. HP: 18/24 MP: 7/11
  3972 | D:4      | Reached XP level 6. HP: 26/28 MP: 1/13
  4121 | D:4      | Reached skill level 5 in Hexes
  4352 | D:5      | Entered Level 5 of the Dungeon
  4362 | D:5      | Noticed an unseen horror
  4370 | D:5      | Killed an unseen horror
  4371 | D:5      | Reached XP level 7. HP: 29/32 MP: 7/15
  4442 | D:5      | Found an iron altar of Okawaru.
  4747 | D:5      | Found a sparkling altar of Nemelex Xobeh.
  5058 | D:5      | Found a shimmering altar of Xom.
  5082 | D:5      | Reached skill level 5 in Spellcasting
  5351 | D:5      | Reached XP level 8. HP: 36/36 MP: 12/17
  5359 | D:5      | Learned a level 7 spell: Storm Form
  5606 | D:5      | Found a broken altar of Ashenzari.
  5944 | D:6      | Found a staircase to the Ecumenical Temple.
  5984 | Temple   | Entered the Ecumenical Temple
  6009 | Temple   | Became a worshipper of Dithmenos the Shadowed
  6072 | D:6      | Reached skill level 10 in Stealth
  6346 | D:6      | Noticed an unseen horror
  6677 | D:6      | Reached skill level 5 in Short Blades
  6760 | D:6      | Reached XP level 9. HP: 26/39 MP: 16/19
  7095 | D:6      | Reached * piety under Dithmenos
  7139 | D:6      | Killed an unseen horror
  7140 | D:6      | Reached skill level 1 in Transmutations
  7140 | D:6      | Reached skill level 1 in Air Magic
  7243 | D:6      | Reached skill level 2 in Transmutations
  7352 | D:6      | Reached skill level 3 in Transmutations
  7616 | D:7      | Got the Cyclopedia of the Inflammable Birds
  7739 | D:7      | Found Gires's Antique Weapon Emporium.
  7767 | D:7      | Noticed Dowan
  7771 | D:7      | Noticed Duvessa
  7780 | D:7      | Killed Duvessa
  7781 | D:7      | Reached skill level 1 in Fighting
  7784 | D:7      | Killed Dowan
  7898 | D:7      | Reached skill level 4 in Transmutations
  7909 | D:7      | Reached XP level 10. HP: 25/45 MP: 16/22
  8488 | D:7      | Reached ** piety under Dithmenos
  8677 | D:7      | Found a runed translucent door.
  8678 | D:7      | Noticed Crazy Yiuf
  8878 | D:7      | Killed Crazy Yiuf
  8937 | D:8      | Noticed Maggie
  8944 | D:8      | Killed Maggie
  8945 | D:8      | Reached skill level 5 in Transmutations
  9098 | D:8      | You fall into a shaft and drop 1 floor!
  9268 | D:9      | Found a basalt altar of Yredelemnul.
  9387 | D:9      | Reached skill level 6 in Transmutations
  9523 | D:9      | Found Bakhloz's Firing Range.
  9794 | D:10     | Entered Level 10 of the Dungeon
  9808 | D:10     | Noticed Sonja
  9844 | D:10     | Reached skill level 5 in Dodging
 10313 | D:1      | Bought a scroll of enchant weapon for 82 gold pieces
 10313 | D:1      | Bought a scroll of enchant armour for 82 gold pieces
 10313 | D:1      | Bought a scroll of torment for 104 gold pieces
 10313 | D:1      | Bought a scroll of brand weapon for 104 gold pieces
 10577 | D:8      | Reached *** piety under Dithmenos
 10710 | D:8      | Reached XP level 11. HP: 45/51 MP: 5/24
 11020 | D:8      | Reached skill level 7 in Transmutations
 11236 | D:8      | Identified a scroll of acquirement
 11237 | D:8      | Acquired a +2 quick blade of venom
 11294 | D:10     | Killed Sonja
 11368 | D:10     | Reached skill level 5 in Air Magic
 11575 | D:10     | Reached **** piety under Dithmenos
 11833 | D:10     | Found a stormy altar of Qazlal.
 12487 | D:10     | Reached skill level 8 in Transmutations
 12977 | D:11     | Found a staircase to the Lair.
 13277 | D:11     | Found Homaw's General Store.
 13285 | D:11     | Bought a potion of lignification for 42 gold pieces
 13285 | D:11     | Bought a scroll of identify for 28 gold pieces
 13285 | D:11     | Bought a potion of lignification for 42 gold pieces
 13319 | D:11     | Found a staircase to the Orcish Mines.
 13765 | Lair:1   | Entered Level 1 of the Lair of Beasts
 13806 | D:11     | Reached skill level 10 in Spellcasting
 13814 | D:11     | Learned a level 2 spell: Static Discharge
 14022 | D:11     | Reached ***** piety under Dithmenos
 14338 | Lair:1   | Reached skill level 9 in Transmutations
 14422 | Lair:1   | HP: 2/52 [blink frog (14)]
 15079 | Lair:1   | Reached XP level 12. HP: 44/58 MP: 22/27
 15784 | Lair:2   | Found a staircase to the Snake Pit.
 16084 | Lair:2   | Reached skill level 10 in Transmutations
 17078 | Lair:2   | Reached skill level 11 in Transmutations
 17501 | Lair:3   | Found a staircase to the Swamp.
 17717 | Lair:3   | Reached XP level 13. HP: 63/63 MP: 19/30
 18473 | Lair:3   | Reached skill level 5 in Fighting
 18798 | Lair:4   | Identified the +4 quarterstaff "Osejim" {freeze, +Blink
                  | Will- Str+6 Int+3}
 19382 | Lair:4   | Reached skill level 12 in Transmutations
 19838 | Lair:5   | Entered Level 5 of the Lair of Beasts
 19974 | Lair:5   | Found a runed translucent door.
 19974 | Lair:5   | Found a viscous altar of Jiyva.
 19974 | Lair:5   | Noticed an acid blob
 19975 | Lair:5   | Found a staircase to the Slime Pits.
 19975 | Lair:5   | Noticed an acid blob
 20151 | Lair:5   | Reached ****** piety under Dithmenos
 21966 | Lair:5   | Reached skill level 13 in Transmutations
 22854 | Orc:1    | Entered Level 1 of the Orcish Mines
 23065 | Orc:2    | Entered Level 2 of the Orcish Mines
 23065 | Orc:2    | Noticed Snorg
 23124 | Orc:2    | Killed Snorg
 23204 | Orc:2    | Found Fehu's Mass Market.
 23204 | Orc:2    | Noticed Donald
 23381 | Orc:2    | Killed Donald
 23485 | Orc:2    | Reached XP level 14. HP: 62/69 MP: 17/32
 23711 | Orc:2    | Reached skill level 10 in Dodging
 24124 | Orc:1    | Reached skill level 10 in Air Magic
 24341 | Orc:2    | Reached skill level 14 in Transmutations
 25093 | Orc:2    | Found Qupru's Assorted Antiques.
 25093 | Orc:2    | Found Xiastaf's Distillery.
 25093 | Orc:2    | Found Fareris's Distillery.
 25093 | Orc:2    | Found Mirete Pyd's Antique Armour Shop.
 25257 | Orc:2    | Bought a potion of experience for 750 gold pieces
 25260 | Orc:2    | Bought a scroll of identify for 60 gold pieces
 25261 | Orc:2    | Reached skill level 15 in Transmutations
 25261 | Orc:2    | Reached XP level 15. HP: 73/73 MP: 34/34
 25262 | Orc:2    | Reached skill level 16 in Transmutations
 25262 | Orc:2    | Reached XP level 16. HP: 78/78 MP: 35/35
 25862 | Orc:2    | Found a staircase to the Elven Halls.
 26903 | D:12     | Noticed Urug
 26932 | D:12     | Killed Urug
 27012 | D:12     | Got the Meditations on Disgusting Malediction
 27161 | D:12     | Noticed Psyche
 27167 | D:12     | Killed Psyche
 27648 | D:12     | Reached skill level 15 in Spellcasting
 27928 | D:12     | Noticed a tengu reaver
 28110 | D:12     | Killed a tengu reaver
 29251 | D:13     | Reached skill level 17 in Transmutations
 29493 | D:13     | Noticed Maurice
 29495 | D:13     | Killed Maurice
 29663 | D:14     | Identified the +6 halberd of the Scorpion {flame, rElec
                  | Str+3}
 29672 | D:14     | Learned a level 5 spell: Silence
 29728 | D:14     | Reached XP level 17. HP: 83/83 MP: 37/37
 29738 | D:14     | Learned a level 4 spell: Airstrike
 29743 | D:14     | Learned a level 4 spell: Manifold Assault
 29751 | D:14     | Learned a level 7 spell: Summon Hydra
 29767 | D:14     | Learned a level 5 spell: Summon Forest
 30841 | D:14     | Found a white marble altar of Elyvilon.
 31064 | D:14     | Found a gate to the Vaults.
 31190 | D:14     | Learned a level 4 spell: Summon Lightning Spire
 31198 | D:15     | Entered Level 15 of the Dungeon
 32151 | D:15     | Paralysed by a great orb of eyes for 3 turns
 32166 | D:15     | Found a staircase to the Depths.
 32409 | Depths:1 | Entered Level 1 of the Depths
 32681 | Depths:1 | Reached skill level 18 in Transmutations
 33585 | D:15     | Killed from afar by a wizard

Illustrated notes

Levels and vault maps discovered:
D:1:      minmay_arrival_four_circles, layout_rooms, serial_shops,
          nicolae_shop_rolled_up, nrook_mini_backslash
D:2:      layout_rooms, dreamdust_ecumenical_altar_angels_and_demons,
          dk_vineyard_3, minmay_tetromino_l2
D:3:      layout_basic, chequers_serial_rivers_micro_a,
          dreamdust_princess_bridge
D:4:      layout_gridville, st_stairs_10
D:5:      layout_layer_cave, mainiacjoe_overflow_six_doors_small,
          lemuel_tele_altar, mainiacjoe_overflow_catwalk_spiral,
          serial_park_tiny_1
D:6:      cheibrodos_fzero, layout_rooms, minmay_temple_entry_hall
D:7:      layout_loops_corners, serial_shops, kennysheep_little_box,
          uniq_duvessa, uniq_crazy_yiuf_cottage
D:8:      layout_basic, special_room [special_room_orc], uniq_maggie
D:9:      cheibrodos_iron_armory, layout_long_grid,
          nicolae_overflow_crystal_walls, nicolae_shop_firing_range
D:10:     layout_basic, kennysheep_mini_moat, special_room [special_room_bee],
          minivault_4, uniq_sonja
D:11:     layout_roguey, hellmonk_lair_entry_icy, serial_shops,
          nicolae_shop_crystal
D:12:     thingy_vault, layout_irregular_city, kennysheep_generic_room_16,
          uniq_psyche, uniq_urug
D:13:     layout_stronghold, uniq_maurice
D:14:     layout_loops_ring, ximxim_vaults_locker_room, elyvilon_altar_3
D:15:     gammafunk_enter_depths_forms, layout_loops_ring, abandoned_shop
Temple:   nicolae_temple_elliptical
Lair:1:   layout_small_grid, minivault_25, nicolae_quartered_pool_super
Lair:2:   regret_index_wax_grids, layout_gridlike, guppyfry_snake_entry_garden,
          grunt_megastairs_1
Lair:3:   layout_regular_city, swamp_mist, grunt_forest_small_clearing_treed
Lair:4:   layout_roguey
Lair:5:   hellmonk_lair_end_abyssal_woods, layout_loops_ring, slime_entry_2,
          grunt_megastairs_2, infiniplex_staircase_pool
Orc:1:    layout_diamond_mine, lightli_volcano_entry_magma_tube
Orc:2:    st_orc_ogre_mass, layout_caves, minmay_shop_mass, uniq_donald,
          uniq_snorg
Depths:1: layout_basic, hell_entry, abyss_entry_small_statue_room,
          grunt_decor_one_mirror, minmay_statues_item,
          chequers_serial_rivers_small_3, onia_ninara_cookie, uniq_sojobo

Skill      XL: |  1  2  3  4  5  6  7  8  9 10 11 12 13 14 15 16 17 |
---------------+----------------------------------------------------+-----
Stealth        | 5 6 7 8 9 11 12 13 14 | 14.0
Spellcasting   | 3 4 5 6 7 8 10 12 13 14 15 16 | 16.6
Hexes          | 4 5 6 7 |  7.0
Short Blades   | 2 3 4 5 6 7 8 |  8.0
Ice Magic      | 1 2 3 4 |  4.0
Transmutations | 4 6 9 11 13 15 16 17 18 | 18.3
Air Magic      | 2 4 6 8 9 11 12 13 | 13.2
Dodging        | 3 5 6 8 9 10 11 12 | 12.3
Fighting       | 1 2 3 4 5 6 7 |  7.6

Action                     |  1- 3 |  4- 6 |  7- 9 | 10-12 | 13-15 | 16-18 || total
---------------------------+-------+-------+-------+-------+-------+-------++-------
  Melee: Dagger            |   110 |   108 |   192 |   225 |       |       ||   635
         Punch             |       |     2 |     5 |     5 |       |     2 ||    14
         Quick blade       |       |       |       |   753 |   816 |   834 ||  2403
         Unarmed           |       |       |       |       |       |   147 ||   147
   Cast: Ensorcelled Hiber |     6 |    26 |    45 |   113 |    67 |    28 ||   285
         Tukima's Dance    |     4 |    12 |     9 |    20 |   104 |    41 ||   190
         Confusing Touch   |       |     4 |    16 |    38 |    34 |    34 ||   126
         Static Discharge  |       |       |       |    23 |    17 |       ||    40
         Airstrike         |       |       |       |       |       |    13 ||    13
         Storm Form        |       |       |       |       |       |    11 ||    11
 Invoke: Shadow Step       |       |       |       |       |     1 |     3 ||     4
Ability: Blinkbolt         |       |       |       |       |       |     1 ||     1
  Evoke: Wand              |       |       |       |     3 |    22 |       ||    25
         Phantom mirror    |       |       |       |       |     1 |       ||     1
    Use: Scroll            |     6 |     3 |     5 |    11 |     4 |    13 ||    42
         Potion            |       |       |     3 |     4 |     6 |     2 ||    15
   Stab: Sleeping          |    14 |    21 |    37 |   110 |    59 |    62 ||   303
         Confused          |       |     1 |    13 |    33 |    35 |    52 ||   134
         Distracted        |       |       |       |     4 |     2 |     1 ||     7
 Armour: Robe              |     8 |     9 |    25 |     5 |       |     1 ||    48
         Steam dragon scal |       |       |       |    74 |    86 |    62 ||   222
         Skin              |       |       |       |       |       |    17 ||    17
  Dodge: Dodged            |    68 |    82 |   130 |   481 |   341 |   523 ||  1625
  Block: Buckler           |       |       |       |    78 |   105 |    88 ||   271
